 Dungeon Crawl Stone Soup version 0.18.1-50-g88ac8fd (webtiles) character file.

91 Soth the Poker (level 4, -1/52 HPs)
             Began as a Human Berserker on Oct 16, 2016.
             Was a Believer of Trog.
             Slain by a gnoll
             ... wielding a +0 halberd
              (8 damage)
             ... on level 3 of the Dungeon.
             The game lasted 00:19:09 (1913 turns).

Soth the Poker (Human Berserker)                    Turns: 1913, Time: 00:19:10

Health: -1/52      AC: 12    Str: 20 (23) XL:     4   Next: 87%
Magic:  4/4        EV:  7    Int:  4 (7)  God:    Trog [**....]
Gold:   16         SH:  0    Dex: 12 (13) Spells: 0 memorised, 3 levels left

rFire  . . .     SeeInvis .     a - +0 spear
rCold  . . .     Gourm    .     j - +0 plate armour
rNeg   . . .     Faith    .     (no shield)
rPois  .         Spirit   .     (no helmet)
rElec  .         Dismiss  .     (no cloak)
rCorr  .         Reflect  .     (no gloves)
SustAt .         Harm     .     m - +0 pair of boots
MR     .....                    (no amulet)
Stlth  ..........               (no ring)
                                (no ring)

@: berserking, very quick, not resistant to hostile enchantments, extremely
unstealthy
A: no striking features
a: Berserk, Trog's Hand, Burn Spellbooks, Renounce Religion


You were on level 3 of the Dungeon.
You worshipped Trog.
Trog was pleased with you.
You were full.

You visited 1 branch of the dungeon, and saw 3 of its levels.

You collected 16 gold pieces.

Inventory:

Hand Weapons
 a - a +0 spear (weapon)
Missiles
 i - 52 stones (quivered)
Armour
 j - a +0 plate armour (worn)
 m - a +0 pair of boots (worn)
Scrolls
 e - 3 scrolls of magic mapping {unknown}
 f - 2 scrolls of remove curse {unknown}
 g - a scroll of recharging {unknown}
 n - a scroll of teleportation {unknown}
Comestibles
 c - a bread ration
 q - a royal jelly


   Skills:
 + Level 3.5 Fighting
 + Level 3.6 Polearms
 + Level 3.1 Armour
 + Level 2.8 Dodging


You had 3 spell levels left.
You didn't know any spells.

Dungeon Overview and Level Annotations

Branches:
Dungeon (2/15)

Altars:
Ashenzari
Pakellas
Ru
Sif Muna


Message History

Trog accepts your kill.
It was a potion of degeneration.
There was something very wrong with that liquid.
You feel weakened.
You feel dopey.
You feel clumsy.
The gnoll hits you from afar with a halberd!
* * * LOW HITPOINT WARNING * * *
The gnoll barely misses you.
You continue eating.
The gnoll hits you but does no damage.
You continue eating.
The gnoll barely misses you.
You finish eating.
That meat ration really hit the spot!
A red film seems to cover your vision as you go berserk!
You feel yourself moving faster!
You feel mighty!
You feel somewhat less full. The gnoll hits you but does no damage.
You feel a strong urge to attack something.
You puncture the gnoll!
The gnoll is almost dead.
The gnoll hits you with a halberd!
You die...

##..# ..# ... ... .8#
#.# .. ..## #†# ###.#
.._###.# .... ..##.#.#
#.. .8 #.#.# #..## ##
#.#.# #...# ## #.#.#
#.#@# ####.#.###.# # #g#
...†.......# #.#
..##.#.###.# #.#.#
..##.#.### #.#.# .
..##'#.#... #.#.# # ..
.......#.... #.#)##.#
...
......##....##.#..#.#...
#.......................


You could see a gnoll.

Vanquished Creatures
  Terence (D:3)
  2 gnolls (D:3)
  2 adders
  2 dart slugs
  A giant gecko (D:1)
  A giant cockroach (D:2)
  A goblin (D:2)
  2 hobgoblins (D:1)
  3 jackals (D:3)
  5 kobolds
  A quokka (D:3)
  5 bats
  A giant newt (D:1)
  2 rats (D:3)
29 creatures vanquished.

Notes
Turn   | Place    | Note
--------------------------------------------------------------
     0 | D:1      | Soth the Human Berserker began the quest for the Orb.
     0 | D:1      | Reached XP level 1. HP: 18/18 MP: 1/1
   272 | D:1      | Reached XP level 2. HP: 20/24 MP: 2/2
   945 | D:2      | Reached XP level 3. HP: 18/29 MP: 3/3
  1235 | D:2      | Found a shattered altar of Ashenzari.
  1316 | D:2      | You fall through a shaft!
  1471 | D:3      | Found a deep blue altar of Sif Muna.
  1477 | D:3      | Found an oddly glowing altar of Pakellas.
  1480 | D:3      | Found a sacrificial altar of Ru.
  1520 | D:3      | Reached ** piety under Trog
  1574 | D:3      | Noticed Terence
  1591 | D:3      | Killed Terence
  1591 | D:3      | Reached XP level 4. HP: 27/35 MP: 4/4
  1913 | D:3      | Slain by a gnoll

Skill      XL: |  1  2  3  4 |
---------------+-------------+-----
Armour         | 3 |  3.1
Fighting       | |  3.5
Polearms       | |  3.6
Dodging        | |  2.8

Action                   |  1- 3 |  4- 6 || total
-------------------------+-------+-------++-------
Melee: Spear             |   135 |    25 ||   160
Invok: Berserk           |     1 |     1 ||     2
  Use: Potion            |     2 |     1 ||     3
  Eat: Bread ration      |     1 |       ||     1
       Meat ration       |       |     1 ||     1
Armor: Leather armour    |     6 |       ||     6
       Plate armour      |    53 |    14 ||    67
Dodge: Dodged            |    74 |    16 ||    90
